 Dungeon Crawl Stone Soup version 0.17.2-1-ge4368a0 (webtiles) character file.

18 ololoev the Skirmisher (level 2, -1/24 HPs)
             Began as a Demonspawn Fighter on Oct 26, 2016.
             Slain by Duvessa
             ... wielding a +2 short sword of protection
              (4 damage)
             ... on level 4 of the Dungeon.
             The game lasted 00:02:07 (469 turns).

ololoev the Skirmisher (Demonspawn Fighter)          Turns: 469, Time: 00:02:08

Health: -1/24      AC:  8    Str: 16    XL:     2   Next: 48%
Magic:  2/2        EV: 14    Int:  9    God:
Gold:   37         SH:  0    Dex: 17    Spells: 0 memorised, 1 level left

rFire  . . .     SeeInvis .     a - +0 war axe
rCold  . . .     Clarity  .     b - +0 scale mail
rNeg   . . .     SustAt   .     (no shield)
rPois  .         Gourm    .     d - +1 helmet
rElec  .         Spirit   .     (no cloak)
rCorr  .         Warding  .     (no gloves)
rMut   .         Stasis   .     (no boots)
MR     .....                    (no amulet)
Stlth  +.........               (no ring)
                                (no ring)

@: agile, not resistant to hostile enchantments, very unstealthy
A: talons 1
a: no special abilities


Innate Abilities, Weirdness & Mutations

You have sharp toenails.

Inventory:

Hand Weapons
 a - a +0 war axe (weapon)
Armour
 b - a +0 scale mail (worn)
 d - a +1 helmet (worn)
Scrolls
 c - 3 scrolls of enchant weapon {unknown}
 f - a scroll of amnesia {unknown}
 k - a scroll of teleportation {unknown}
 l - a scroll of identify {unknown}
 m - a scroll of immolation {unknown}
Comestibles
 e - a bread ration
 h - a beef jerky


   Skills:
 + Level 3.1 Fighting
 * Level 2.2 Axes
 + Level 3.1 Armour
   Level 2.6 Shields


You had one spell level left.
You didn't know any spells.


You were on level 4 of the Dungeon.
You were not hungry.

You visited 1 branch of the dungeon, and saw 5 of its levels.

You collected 37 gold pieces.

# ####.#
#.@e.# #.####
########.#
#........###
#.
#..........#
#.
#.....####.#
#h##.....# .#
#.#......# #
#.#†##'#.####

Notes
Turn   | Place    | Note
--------------------------------------------------------------
     0 | D:1      | ololoev the Demonspawn Fighter began the quest for the Orb.
     0 | D:1      | Reached XP level 1. HP: 18/18 MP: 1/1
    32 | D:1      | Gained mutation: You have sharp toenails. [demonic ancestry]
    32 | D:1      | Reached XP level 2. HP: 24/24 MP: 2/2
   386 | D:4      | Found a glowing silver altar of Zin.
   389 | D:4      | Found a blossoming altar of Fedhas.
   392 | D:4      | Found a deep blue altar of Sif Muna.
   395 | D:4      | Found a glowing golden altar of the Shining One.
   427 | D:5      | Entered Level 5 of the Dungeon
   449 | D:4      | Noticed Duvessa
   451 | D:4      | Noticed Dowan
   469 | D:4      | Slain by Duvessa

Dungeon Overview and Level Annotations

Branches:
Dungeon (5/15)
 Temple: D:4-7

Altars:
Fedhas
Sif Muna
Zin
The Shining One

Annotations:
D:4 Dowan, Duvessa


Message History

Dowan hisses, "Insulting my beauty only makes me fight harder!"
You barely miss Duvessa. Your kick misses Duvessa.
Duvessa is moderately wounded.
Duvessa barely misses you.
You barely miss Duvessa.
Duvessa is moderately wounded.
Duvessa misses you.
Dowan says, "My weaknesses are her strengths!"
Dowan casts a spell at Duvessa.
Duvessa seems to speed up.
Duvessa hits you but does no damage.
You hit Duvessa. Your kick misses Duvessa.
Duvessa is heavily wounded.
Dowan mumbles some strange words.
Dowan blinks!
Duvessa closely misses you.
You hit Duvessa but do no damage. You claw Duvessa, but do no damage.
Duvessa is heavily wounded.
Duvessa barely misses you. x2
Duvessa hits you with a short sword of protection.
You hit Duvessa. You claw Duvessa, but do no damage.
Duvessa is heavily wounded.
Duvessa says, "Practise, practise, practise!
One day you'll be as good as me."
Duvessa hits you with a short sword of protection.
Duvessa closely misses you.
You slash Duvessa! You claw Duvessa, but do no damage.
Duvessa is severely wounded.
Duvessa hits you but does no damage.
You hit Duvessa but do no damage.
Duvessa is severely wounded.
Duvessa hits you with a short sword of protection.
Duvessa hits you but does no damage.
You hit Duvessa. You claw Duvessa, but do no damage.
Duvessa is severely wounded.
Duvessa closely misses you. Duvessa misses you.
You hit Duvessa but do no damage. You claw Duvessa, but do no damage.
Duvessa is severely wounded.
Duvessa hits you with a short sword of protection. x2
You hit Duvessa. You claw Duvessa, but do no damage.
Duvessa is almost dead.
Duvessa hits you with a short sword of protection.
You die...

You could see Duvessa.

Vanquished Creatures
  A gnoll (D:1)
  A bat (D:3)
  A goblin (D:3)
  2 jackals (D:4)
  A kobold (D:1)
  A giant newt (D:3)
  A rat (D:2)
8 creatures vanquished.

Action                   || total
-------------------------++-------
Melee: War axe           ||    43
  Use: Potion            ||     4

Vault maps used:
D:1:      dpeg_arrival_radiant
D:2:      overflow_temple_1_default
D:3:      uniq_natasha, uniq_sigmund, uniq_jessica, uniq_robin,
          uniq_crazy_yiuf_cottage
D:4:      kennysheep_spiral_hall, grunt_temple_overflow_cloverleaf,
          old_standard_altar, serial_glass, glass_columns_b, glass_columns_b,
          minmay_bad_closet, kennysheep_generic_room_10, uniq_menkaure,
          uniq_duvessa
D:5:      bloody_trog, first_bread
